 Dungeon Crawl Stone Soup version 0.21.1-1-g345015f (webtiles) character file.

28 diana the Sneak (level 3, -2/19 HPs)
             Began as a Vine Stalker Assassin on June 23, 2018.
             Slain by a gnoll
             ... wielding a +0 spear
              (3 damage)
             ... on level 1 of the Dungeon.
             The game lasted 00:01:05 (1213 turns).

diana the Sneak (Vine Stalker Assassin)             Turns: 1213, Time: 00:01:06

Health: -2/19      AC:  3    Str: 13    XL:     3   Next: 14%
Magic:  0/4        EV: 11    Int: 11    God:
Gold:   64         SH:  0    Dex: 16    Spells: 2/2 levels left

rFire    . . .     SeeInvis .   a - +2 dagger
rCold    . . .     Gourm    .   (no shield)
rNeg     . . .     Faith    .   c - +0 robe
rPois    .         Spirit   +   (no helmet)
rElec    .         Reflect  .   d - +0 cloak
rCorr    .         Harm     .   (no gloves)
MR       .....                  (no boots)
Stlth    +++.......             (no amulet)
HPRegen  0.06/turn              (no ring)
MPRegen  0.09/turn              (no ring)

@: no status effects
A: fangs 2, magic shield, antimagic bite, no potion heal 3, rot immunity
a: no special abilities


You were on level 1 of the Dungeon.
You were hungry.

You visited 1 branch of the dungeon, and saw 2 of its levels.

You collected 64 gold pieces.

Inventory:

Hand Weapons
 a - a +2 dagger (weapon)
 b - a +0 blowgun
Missiles
 e - 8 poisoned needles
 f - 2 curare-tipped needles
Armour
 c - a +0 robe (worn)
 d - a +0 cloak (worn)
Jewellery
 n - an uncursed ring of protection from magic {unknown}
Scrolls
 i - a scroll of teleportation {unknown}
 j - 2 scrolls of identify {unknown}
 k - a scroll of noise {unknown}
 l - a scroll of fog {unknown}
Potions
 h - a potion of degeneration {unknown}
 m - 2 potions of curing {unknown}
 o - a potion of heal wounds {unknown}
Comestibles
 g - 4 rations


   Skills:
 * Level 2.4 Fighting
 * Level 2.4 Short Blades
 - Level 1.7 Throwing
 - Level 0.7 Dodging
 + Level 5.1 Stealth


You had 2 spell levels left.
You didn't know any spells.

Dungeon Overview and Level Annotations

Branches:
Dungeon (2/15)

Altars:


Innate Abilities, Weirdness & Mutations

You have extremely sharp teeth.
When hurt, damage is shared between your health and your magic reserves.
Your bite disrupts and absorbs the magic of your enemies.
Potions cannot restore your health.
You are immune to rotting.


Message History

You are too injured to fight recklessly!
You are too injured to fight recklessly!
You are too injured to fight recklessly!
You are too injured to fight recklessly!
You are too injured to fight recklessly!
You are too injured to fight recklessly!
You are too injured to fight recklessly!
You are too injured to fight recklessly!
You are too injured to fight recklessly!
The gnoll misses you.
You see here a chain mail.
There is a stone staircase leading up here.
There is a stone staircase leading up here.
The gnoll hits you with a spear!
* * * LOW HITPOINT WARNING * * *
The gnoll hits you but does no damage.
You climb upwards.
There is a stone staircase leading down here.
The gnoll hits you from afar with a spear.
You die...

##.#.########..###.######.#
...................#......#
##.#.######.#....#.########
##.#.# #....###.########
...#.# ####.#.(......(....#
#..#.###....##.###.##.###.#
.........##.##.###.##.###.#
########......g>.#.##.....#
....####..#.##.#@#.#####..#
.#....##..#.##.#.#.#####(.#
..###..#..#.##.#.#........#
⌠.# ##.#..#.##.#.########.####
..####.#.....................#
.###...#.##.##.#....#####.#.##
.###.⌠.#.............# #.#.#
.......#.##.#..####.#####.#.#
...##.##..................#.#


You could see a gnoll.

Vanquished Creatures
  An ooze (D:1)
  A ball python (D:1)
  4 bats
  3 giant cockroaches (D:1)
  2 goblins (D:1)
  4 hobgoblins (D:1)
  3 frilled lizards (D:1)
  2 kobolds (D:1)
  3 rats
23 creatures vanquished.

Notes
Turn   | Place    | Note
-------+----------+-------------------------------------------
     0 | D:1      | diana the Vine Stalker Assassin began the quest for the Orb.
     0 | D:1      | Reached XP level 1. HP: 11/11 MP: 2/2
   222 | D:1      | Reached XP level 2. HP: 15/15 MP: 3/3
   255 | D:1      | Reached skill level 5 in Stealth
   712 | D:1      | Reached XP level 3. HP: 19/19 MP: 4/4
  1213 | D:1      | Slain by a gnoll

Skill      XL: |  1  2 |
---------------+-------+-----
Fighting       | 2 |  2.4
Short Blades   | 2 |  2.4
Stealth        | 5 |  5.1
Throwing       | |  1.7
Dodging        | |  0.7

Action                   || total
-------------------------++-------
Melee: Dagger            ||    60
       Bite              ||    19
 Stab: Sleeping          ||     5
Armor: Robe              ||    20
Dodge: Dodged            ||    29
